Schmensch, lawful female human Priestess - --- --- ------.-- --.-- ---.---.--....| ---...| ---............------ |....---------- --.......---.--......------|............... .......--- ---------....f..---)|..--.------ ........| -----@- |)|......| ........--.--.--- |.... .|<).....-- ........^.......| --.....).)[.....- ................-- |........[......------ --...............--- --......^..|......--.-- |.................-- --......|.---........-- ---.........--.--..| ---....|...|.........| --.......-------.| -....--.|.........| ----...-- --- ---..............| |...| .........----- ----..-- -.|......| |.....| ----....| |.----- --...| --- |...| ----- Schmensch the Priestess Experience level: 5 Strength: 8 Dexterity: 12 Constitution: 13 Intelligence: 18 Wisdom: 10 Charisma: 11 Health: 0(33) Energy: 53(53) Def: 7 Gold: 525 Moves: 2235 Dungeon seed [set]: Game ID: Schmensch_1676204643 Your Inventory: Coins $ - 525 gold pieces Weapons r - an uncursed +0 orcish dagger v - 22 uncursed +0 darts w - an uncursed +1 dart x - a blessed +4 dart K - a blessed +1 mace (weapon in hand) Armor e - an uncursed +0 robe (being worn) n - an uncursed +0 small shield (being worn) q - an uncursed +3 orcish helm (being worn) Comestibles m - 2 uncursed lichen corpses A - 2 uncursed tripe rations D - an uncursed candy bar Scrolls j - an uncursed scroll of teleportation p - an uncursed scroll of light F - a cursed scroll of teleportation Spellbooks g - an uncursed spellbook of detect food h - an uncursed spellbook of light i - an uncursed spellbook of detect monsters L - an uncursed spellbook of blank paper Potions b - 4 potions of holy water k - an uncursed potion of object detection l - an uncursed potion of acid o - an uncursed potion of monster detection s - an uncursed potion of fruit juice t - a potion of holy water u - an uncursed potion of water C - an uncursed potion of hallucination E - a cursed potion of blindness H - a cursed potion of sickness Wands f - an uncursed wand of cancellation (0:1) G - a cursed wand of opening (0:3) Tools a - a cursed lock pick B - an uncursed sack I - an uncursed sack J - a cursed oil lamp (lit) (0:458) Gems y - an uncursed worthless piece of orange glass z - an uncursed worthless piece of white glass M - an uncursed worthless piece of black glass N - an uncursed worthless piece of yellowish brown glass Y - an uncursed worthless piece of violet glass Spells and supernatural/magical abilities: Name Level Category Fail Memory l - light 1 divination 0% 89% n - detect monsters 1 divination 0% 89% E - detect food 2 divination 46% 89% W - pray for help -- divine ? -- X - turn undead -- divine ? -- Your skills at the end: Miscellaneous Skills shield [Basic] wands [Basic] stealth [Expert] Weapon Skills mace [Basic] Spellcasting Skills clerical spells [Basic] Final Attributes: You were fervently aligned. You were stealthy. You are dead. Vanquished creatures: a ghost a giant beetle a dog a dwarf lord a gnome lord a puppy 2 dwarves an iguana a jitterbug 2 coyotes a hobgoblin 3 cave spiders a brown mold a red mold 21 gnomes 6 jackals a kobold 4 newts 2 goblins 2 grid bugs 3 lichens 57 creatures vanquished. Voluntary challenges: You did not adorn yourself with jewelry or accessories. You did not cause conflict. You were not invisible. You did not have reflection. You were not displaced. You were an atheist. You used a wielded weapon 56 times, starting on turn 252. You did not apply a unicorn horn. You did not use plumbed fixtures. You did not drink any magical draughts. You were illiterate. You never genocided any monsters. You never polymorphed an object. You never changed form. You used no wishes. You did not use any artifacts. You never split a pudding. You never wrote Elbereth's name. You never violated your personal moral code. Dungeon overview: The Dungeons of Doom: levels 1 to 2 Level 1 a fountain a long staircase Level 2 a potion shop, some fountains stairs to The Gnomish Mines The Gnomish Mines: levels 3 to 5 Level 3 stairs to The Dungeons of Doom Level 4 Level 5 <- You were here History has recorded: On T:1 you entered the Dungeons of Doom to retrieve the Amulet of Yendor! On T:459 you reached level 2 of The Dungeons of Doom. On T:903 you advanced to experience level 2. On T:1074 you reached level 1 of The Gnomish Mines. On T:1286 you advanced to experience level 3. On T:1429 you reached level 2 of The Gnomish Mines. On T:1436 you advanced to experience level 4. On T:1519 you reached level 3 of The Gnomish Mines. On T:1528 you advanced to experience level 5. Score breakdown: Gold: 525 ( 52 points) Experience: 5 levels ( 400 points) Exploration: 5 levels ( 120 points) Discoveries: 20 items ( 1000 points) Variety of kills: 21 monsters ( 1050 points) Major goal: (nothing yet) ( 0 points) Survival: died (score multiplied by 3) Total score: 7866 Latest messages: This sprig of wolfsbane is delicious! You finish eating the sprig of wolfsbane. You hear crashing rock. (2x) You finish searching. You hear crashing rock. You stop running. You smell charred flesh. You hear crashing rock. You are beginning to feel hungry. You stop running. You displace that wanker. This lichen corpse tastes terrible! You hear some noises. You finish eating the lichen corpse. You hear crashing rock. The giant beetle bites! (2x) You hit the giant beetle. You kill the giant beetle! You see here an uncursed giant beetle corpse. Ecch - that must have been poisonous! You die... The sack is empty. (2x) The sack is empty. (2x) Final status: Goodbye Schmensch the Priestess, killed by a poisonous corpse... You died in The Gnomish Mines on dungeon level 5 with 7866 points, and 525 pieces of gold, after 2235 moves. You were level 5 with a maximum of 33 hit points when you died.